Map: Lost and Found LE

Players

ShaDoWn - Winner!

  • Race: Protoss Protoss
  • Spawn Location: 1:00

Scarlett

  • Race: Zerg Zerg
  • Spawn Location: 7:00

Event: WCS Montreal 2018

VOD

Have the link to the VOD?

Description

Time

  • Played on: Sept. 8, 2018, 10:44 a.m.
  • Length: 6:40

All games in this series

Show
View Real Time Build Order
Export as new Build Order

ShaDoWn Protoss - Winner!

Build Orders:  

Get SALT Encoding   

  12  0:00  Probe  
  13  0:12  Probe  
  14  0:18  Pylon  
  14  0:24  Probe  
  15  0:32  Probe  
  15  0:39  Gateway  
  15  0:40  Probe  
  16  0:49  Assimilator  
  17  0:51  Probe  
  18  1:03  Probe  
  19  1:06  Forge  
  19  1:15  Probe  
  20  1:26  Cybernetics Core  
  20  1:27  Probe  
  21  1:38  Pylon  
  21  1:51  Assimilator  
  21  1:57  Photon Cannon  
  21  1:58  Photon Cannon  
  21  2:07  Robotics Facility  
  21  2:17  Shield Battery  
  23  2:29  Adept  
  23  2:38  Pylon  
  23  2:42  Immortal  
  22  2:58  Shield Battery  
  26  3:06  Shield Battery  
  26  3:14  Shield Battery  
  26  3:17  Immortal  
  26  3:20  Pylon  
  30  3:38  Photon Cannon  
  30  3:47  Shield Battery  
  30  3:55  Shield Battery  
  32  4:11  Shield Battery  
  32  4:20  Shield Battery  
  32  4:25  Pylon  
  32  4:27  Warp Prism  
  30  4:44  Pylon  
  30  4:51  Shield Battery  
  33  5:10  Immortal  
  33  5:19  Pylon  
  33  5:30  Photon Cannon  
  33  5:45  Adept  
  33  5:49  Shield Battery  
  39  5:55  Shield Battery  
  39  6:10  Stargate  
Show
View Real Time Build Order
Export as new Build Order

Scarlett Zerg 

Build Orders: Hatch First 

Get SALT Encoding   

  12  0:00  Drone  
  13  0:13  Overlord  
  13  0:16  Drone  
  14  0:31  Drone x2  
  16  0:37  Drone  
  17  0:50  Hatchery  
  17  0:54  Drone  
  17  0:57  Drone  
  18  1:05  Extractor  
  17  1:11  Spawning Pool  
  17  1:15  Drone  
  17  1:18  Drone  
  18  1:29  Drone  
  19  1:44  Drone  
  20  1:50  Hatchery  
  20  1:53  Drone  
  21  2:03  Spore Crawler, Queen  
  21  2:05  Overlord, Metabolic Boost  
  23  2:20  Spine Crawler  
  22  2:23  Spine Crawler  
  22  2:24  Spine Crawler  
  22  2:26  Spine Crawler  
  22  2:28  Zergling x2  
  20  2:31  Zergling x2  
  20  2:35  Zergling x2  
  22  2:46  Zergling x2  
  22  2:50  Queen  
  25  2:56  Zergling x2  
  26  3:04  Zergling x2  
  27  3:09  Queen  
  27  3:10  Zergling x2  
  31  3:20  Zergling x4  
  30  3:29  Queen  
  30  3:30  Zergling x4  
  31  3:36  Zergling x2  
  31  3:42  Zergling x2  
  31  3:46  Zergling x2  
  31  3:50  Zergling x2  
  30  3:59  Zergling x4  
  30  4:01  Queen  
  34  4:11  Zergling x2  
  34  4:13  Zergling x2  
  35  4:18  Zergling x2  
  35  4:27  Zergling x6  
  31  4:31  Zergling x4  
  29  4:40  Zergling x2  
  27  4:51  Zergling x8  
  27  4:55  Zergling x2  
  25  5:07  Zergling x4, Queen  
  25  5:09  Queen  
  30  5:17  Zergling x2  
  30  5:20  Zergling x4  
  32  5:22  Zergling x2  
  32  5:28  Zergling x4  
  35  5:31  Zergling x2  
  36  5:42  Baneling Nest  
  35  5:43  Zergling x2  
  35  5:49  Overlord  
  31  6:12  Zergling x14  
  35  6:20  Zergling x8  
Tags
 
Add a new tag
Caveats
  • Supply blocks, unpowered buildings, or Contaminate may cause inaccurate times.
  • Supply counts are checked every 10 seconds.